 Seeded DCSS version 0.30.1-9-gdf580d7c3d (webtiles) character file.

Game seed: 5 (custom seed)

2627 Kazon the Shield-Bearer (level 9, -8/53 HPs)
             Began as a Gargoyle Fighter on Oct 12, 2023.
             Was an Elder of Okawaru.
             Mangled by a two-headed ogre
             ... wielding a +0 giant spiked club
              (17 damage)
             ... on level 7 of the Dungeon on Oct 13, 2023.
             The game lasted 00:23:10 (4677 turns).

Kazon the Shield-Bearer (Gargoyle Fighter)          Turns: 4677, Time: 00:23:11

Health: -8/53      AC: 15    Str: 22    XL:     9   Next: 61%
Magic:  0/21       EV: 11    Int:  9    God:    Okawaru [****..]
Gold:   323        SH:  0    Dex: 17    Spells: 8/8 levels left

rFire   . . .        x - +6 battleaxe (heavy)
rCold   . . .        (shield currently unavailable)
rNeg    + . .        b - +0 scale mail
rPois   ∞            k - +0 helmet
rElec   +            (no cloak)
rCorr   .            (no gloves)
SInv    .            (no boots)
Will    .....        D - amulet of guardian spirit
Stlth   +            s - ring of magical power
HPRegen 0.28/turn    z - +6 ring of dexterity
MPRegen 0.17/turn

%: guardian spirit
@: no status effects
A: sickness immunity, AC +6, negative energy resistance 1, electricity
resistance, torment resistance 1, petrification resistance
a: Renounce Religion, Heroism, Finesse


You were on level 7 of the Dungeon.
You worshipped Okawaru.
Okawaru was greatly pleased with you.
You visited 2 branches of the dungeon, and saw 8 of its levels.
You also visited: Ossuary.

You collected 323 gold pieces.

Inventory:

Hand Weapons
 a - a +0 war axe
 f - a +0 hand axe of flaming
 h - a +0 whip of holy wrath
 r - a +2 vampiric dagger
 v - a +0 vampiric hand axe
 x - a +6 heavy battleaxe (weapon)
Missiles
 e - 29 stones
 i - 3 boomerangs (quivered)
 q - 11 poisoned darts
Armour
 b - a +0 scale mail (worn)
 c - a +0 tower shield
 k - a +0 helmet (worn)
Jewellery
 s - a ring of magical power (left hand)
 z - a +6 ring of dexterity (right hand)
 D - an amulet of guardian spirit (around neck)
Wands
 y - a wand of paralysis (8)
Scrolls
 l - a scroll of teleportation
 m - a scroll of blinking {unknown}
 n - 2 scrolls of magic mapping {unknown}
 p - 4 scrolls of identify {unknown}
 w - a scroll of amnesia {unknown}
 A - a scroll of torment {unknown}
 F - a scroll of poison {unknown}
 H - a scroll of enchant armour {unknown}
 I - a scroll of fog {unknown}
 L - a scroll of fear {unknown}
 M - a scroll of enchant weapon {unknown}
Potions
 d - a potion of might
 g - a potion of resistance {unknown}
 j - 5 potions of curing {unknown}
 t - 5 potions of flight {unknown}
 u - 2 potions of berserk rage {unknown}
 B - 4 potions of heal wounds {unknown}
 C - a potion of lignification {unknown}
 E - 4 potions of attraction {unknown}
 G - 2 potions of invisibility {unknown}
 J - a potion of haste {unknown}
 K - 2 potions of brilliance {unknown}


   Skills:
 + Level 4.8 Fighting
 + Level 5.6(5.8) Axes
 + Level 2.0(4.4) Maces & Flails
 + Level 3.3 Throwing
 + Level 5.3 Armour
 + Level 2.0 Dodging
 + Level 2.9 Stealth
 + Level 6.2 Shields
 * Level 4.7 Invocations
 * Level 3.9 Evocations


You had 8 spell levels left.
You didn't know any spells.
Your spell library contained the following spells:

 Spells                   Type           Power      Damage    Failure   Level
 Frozen Ramparts          Ice            0%         1d1       96%         3
 Ignite Poison            Fire/Tmut/Pois 0%         N/A       96%         3
 Ice Form                 Ice/Tmut       0%         N/A       100%        4
 Sticky Flame             Conj/Fire      0%         2d3       100%        4
 Eringya's Noxious Bog    Tmut/Pois      0%         N/A       100%        6
 Ignition                 Fire           0%         3d3       100%        8
 Summon Ice Beast         Ice/Summ       Unusable   N/A       N/A         4
 Summon Forest            Summ/Tloc      Unusable   N/A       N/A         5
 Summon Hydra             Summ           Unusable   N/A       N/A         7

Dungeon Overview and Level Annotations

Branches:
Dungeon (7/15)             Temple (1/1) D:4         Ossuary (visited)

Altars:
Dithmenos
Fedhas
Gozag
Hepliaklqana
Okawaru
Qazlal
Trog
Uskayaw
Wu Jian
Xom
The Shining One


Innate Abilities, Weirdness & Mutations

You are immune to sickness and miasma.
Your stone body is resilient. (AC +6)
You are immune to poison.
You resist negative energy. (rN+)
You are resistant to electric shocks. (rElec)
You are resistant to unholy torment.
You are immune to petrification.


Message History

Okay, then.
You start removing your armour.
You continue taking off your +0 tower shield. x4
You finish taking off your +0 tower shield.
Your +0 whip of holy wrath stops glowing.
I - a +6 heavy battleaxe (weapon)
Adjust to which letter? (? for menu, Esc to quit)
x - a +6 heavy battleaxe (weapon);
I - a scroll labelled FOQEFA DOBLIOG A scorpion comes into view.
The scorpion closely misses you.
The scorpion stings you but does no damage.
You slice the scorpion!!
You kill the scorpion!
Okawaru accepts your kill.
Your base Maces & Flails skill increases to level 2!
You see here a scorpion corpse.
Found 18 gold pieces.
A two-headed ogre comes into view.
It is wielding a +0 giant spiked club and a +0 giant club.
The two-headed ogre shouts in stereo!
Throw: 3 boomerangs
Press: ? - help, Q - select action, (/) - cycle Shift-Dir - straight line, f - two-headed ogre
Aim: a two-headed ogre, wielding a +0 giant spiked club and a +0 giant club (77% to hit)
You throw a boomerang.
The boomerang hits the two-headed ogre but does no damage.
You barely miss the two-headed ogre. The two-headed ogre barely misses you.
The two-headed ogre hits you with a +0 giant club!
You slash the two-headed ogre!
The two-headed ogre is moderately wounded.
The two-headed ogre closely misses you. The two-headed ogre barely misses you.
The two-headed ogre closely misses you.
The two-headed ogre hits you with a +0 giant club!
You barely miss the two-headed ogre.
The two-headed ogre is moderately wounded.
The two-headed ogre hits you with a +0 giant spiked club!!
The two-headed ogre hits you with a +0 giant club!!
* * * LOW HITPOINT WARNING * * *
You slash the two-headed ogre!
The two-headed ogre is heavily wounded.
The two-headed ogre hits you with a +0 giant spiked club!!
You die...

#.# .# #.# .# #.# .# #.#
.# #.# .# #####.# .#
#####.....##O######
######..........@.......
†......###.######.#.####
######## #.# .# #.# ..
#.# ... #.# ...# .$#
<..# # ### ...## ## y.


You could see a two-headed ogre.

Vanquished Creatures
  Sigmund (D:4)
  Duvessa (D:6)
  A water moccasin (D:6)
  2 black bears (D:4)
  A centaur (D:6)
  An ogre (D:5)
  An elf zombie (Ossuary)
  A kobold brigand (D:7)
  3 scorpions
  5 wights (D:7)
  4 killer bees (D:7)
  Dowan (D:6)
  A howler monkey (D:6)
  5 hounds
  A centaur zombie (Ossuary)
  3 human zombies (Ossuary)
  A jelly (D:5)
  3 orc priests (D:6)
  4 orc wizards (D:6)
  6 iguanas
  4 ogre zombies (Ossuary)
  7 mummies (Ossuary)
  4 gnolls (D:5)
  9 adders
  2 ufetubi
  A worm zombie (D:7)
  2 adder zombies (Ossuary)
  3 worms
  14 orcs
  4 bats
  9 endoplasms
  A giant cockroach (D:1)
  12 goblins
  7 hobgoblins
  11 jackals
  10 kobolds
  3 quokkas (D:4)
  6 ball pythons
  3 frilled lizards
  4 goblin zombies (Ossuary)
  6 hobgoblin zombies
  3 kobold zombies
  4 quokka zombies (Ossuary)
  4 rats
  4 rat zombies (Ossuary)
183 creatures vanquished.

Notes
Turn   | Place    | Note
-------+----------+-------------------------------------------
     0 | D:1      | Kazon the Gargoyle Fighter began the quest for the Orb.
     0 | D:1      | Reached XP level 1. HP: 14/14 MP: 1/1
    34 | D:1      | Identified a scroll of acquirement
    34 | D:1      | Acquired a +6 heavy battleaxe
    55 | D:1      | Reached XP level 2. HP: 17/19 MP: 2/2
   339 | D:1      | Reached XP level 3. HP: 23/23 MP: 3/3
  1017 | D:2      | Reached XP level 4. HP: 26/29 MP: 4/4
  1256 | D:2      | Reached skill level 1 in Stealth
  1620 | D:3      | Reached skill level 1 in Throwing
  1645 | D:3      | Found a blossoming altar of Fedhas.
  1655 | D:3      | Reached XP level 5. HP: 33/33 MP: 5/5
  1765 | D:3      | Found a stormy altar of Qazlal.
  1864 | D:3      | Found a faded altar of an unknown god.
  1966 | D:3      | Identified the +2 sling "Qeuhanocyt" {speed, rElec Str-3
                  | Dex+2}
  2057 | D:4      | Found a staircase to the Ecumenical Temple.
  2065 | Temple   | Entered the Ecumenical Temple
  2079 | Temple   | Became a worshipper of Warmaster Okawaru
  2121 | D:4      | Noticed a black bear
  2125 | D:4      | Killed a black bear
  2131 | D:4      | Reached skill level 1 in Invocations
  2147 | D:4      | Noticed Sigmund
  2169 | D:4      | Killed Sigmund
  2169 | D:4      | Reached * piety under Okawaru
  2170 | D:4      | Reached XP level 6. HP: 18/38 MP: 7/7
  2195 | D:4      | Found a hazy altar of Hepliaklqana.
  2196 | D:4      | Found a shadowy altar of Dithmenos.
  2196 | D:4      | Noticed a shadow
  2306 | D:4      | Reached XP level 7. HP: 15/43 MP: 8/8
  2529 | D:4      | Reached ** piety under Okawaru
  2530 | D:4      | Reached skill level 1 in Dodging
  2868 | D:5      | Entered Level 5 of the Dungeon
  2878 | D:5      | Reached skill level 4 in Shields
  3061 | D:5      | Reached skill level 1 in Evocations
  3066 | D:5      | Reached XP level 8. HP: 39/48 MP: 10/10
  3503 | D:6      | Reached skill level 5 in Axes
  3512 | D:6      | Found a shimmering altar of Xom.
  3649 | D:6      | Reached *** piety under Okawaru
  3649 | D:6      | Noticed Dowan
  3650 | D:6      | Reached skill level 5 in Shields
  3651 | D:6      | Noticed Duvessa
  3676 | D:6      | Killed Duvessa
  3677 | D:6      | Reached skill level 5 in Armour
  3679 | D:6      | Killed Dowan
  3912 | D:7      | Reached XP level 9. HP: 52/52 MP: 12/12
  3959 | D:7      | Found a sand-covered staircase.
  4026 | D:7      | Reached **** piety under Okawaru
  4066 | Ossuary  | Entered an ossuary
  4114 | Ossuary  | Reached skill level 6 in Shields
  4279 | Ossuary  | Reached skill level 1 in Maces & Flails
  4672 | D:7      | Noticed a two-headed ogre
  4677 | D:7      | Mangled by a two-headed ogre

Illustrated notes

Levels and vault maps discovered:
D:1:      ebering_trefoil_3fold, layout_basic, st_stairs_14, serial_bayou_ford_a
D:2:      layout_basic, hangedman_decor_growths, minmay_close_crescents
D:3:      layout_rooms, mainiacjoe_overflow_concentric_impassable,
          mainiacjoe_overflow_paths, shapermc_ecumenical_altar_acropolis,
          chequers_serial_rivers_micro_b
D:4:      layout_basic, riverfiend_overflow_shadow_ancestor,
          minmay_temple_entry_glass, uniq_sigmund
D:5:      layout_gridville
D:6:      layout_basic, xom_teletrap_fun, uniq_duvessa
D:7:      layout_loops_ring, enter_ossuary_3, roderic_batcave
Temple:   nicolae_temple_elliptical

Skill      XL: |  1  2  3  4  5  6  7  8  9 |
---------------+----------------------------+-----
Axes           | 2 3 4 5 |  5.6
Stealth        | 1 2 |  2.9
Armour         | 4 5 |  5.3
Throwing       | 1 2 3 |  3.3
Fighting       | 4 |  4.8
Invocations    | 1 2 4 |  4.7
Dodging        | 1 2 |  2.0
Shields        | 4 5 6 |  6.2
Evocations     | 1 3 |  3.9
Maces & Flails | 2 |  2.0

Action                     |  1- 3 |  4- 6 |  7- 9 || total
---------------------------+-------+-------+-------++-------
  Melee: War axe           |     6 |       |       ||     6
         Battleaxe         |    92 |    80 |     5 ||   177
         Hand axe          |       |    38 |   376 ||   414
         Dagger            |       |       |    13 ||    13
         Whip              |       |       |   193 ||   193
  Throw: Stone             |       |     6 |    19 ||    25
         Boomerang         |       |       |    57 ||    57
         Dart              |       |       |     8 ||     8
 Invoke: Heroism           |       |       |     3 ||     3
    Use: Scroll            |     2 |     1 |     1 ||     4
         Potion            |     1 |       |       ||     1
   Stab: Sleeping          |       |       |     1 ||     1
 Armour: Scale mail        |    95 |    95 |   231 ||   421
  Dodge: Dodged            |    82 |    82 |   148 ||   312
  Block: Buckler           |     2 |       |       ||     2
         Tower shield      |       |    25 |   398 ||   423
